Unix NetHack Version 5.0.0-0 post-release - last build Jun 10 2026 00:39:30 (3ee93aec679c4c4259841fe613dc97188e26a321,branch:main).

Game began 2026-07-11 06:50:47, ended 2026-07-11 07:14:19.

BATTLEMODE, chaotic female elven Wizard

                                                             ------
      ---------------                                        |....|
      |........>....|##########################              |....|
      |..?..........|            -------------#######        |...<|
      |.............|            |C.........*|      ######   |....|
      |...........B@-f##         |.....C.....|           ####.....|
      -- ------------  ####      |...-.---...|         ######|....|
                          #######-...|.{ |...|     #####     ------
                                 |..*|{.{|*..-######
                                 |...|.{.|...|
                             ####+...-----...|
                            ##   |..*..C.....|
                           ##    |C.........C|
                        ####     -------------

BATTLEMODE the Conjurer   St:10 Dx:12 Co:13 In:20 Wi:10 Ch:10  Chaotic
Dlvl:5  $:53 HP:0(22) Pw:3(31) AC:8  Xp:3 T:1418 

Latest messages:
 Persistent inventory display is not supported by 'tty'.
 What do you want to use or apply? [cl-osvzA or ?*] <esc>
 Never mind.
 What do you want to zap? [cz or ?*] A
 That is a silly thing to zap.
 What do you want to zap? [cz or ?*] <esc>
 Never mind.
 In what direction? 2
 The statue shatters.
 You swap places with your kitten.
 You see here 30 rocks.
 The kitten picks up a rock.
 The kitten drops a rock.
 You find a hidden passage.
 You hit the manes.
 You hit the manes.
 You miss the manes.
 You swap places with your kitten.
 The kitten misses the manes.
 In what direction? 4
 The door closes.
 You hear a door open.
 You find a hidden door.
 The door opens.
 Pick a monster, object or location.
 You stop.  Your kitten is in the way!
 You swap places with your kitten.
 In what direction? 4
 The spell hits the gas spore!
 You kill the gas spore!
 Boom!
 The giant bat bites!
 The giant bat just misses!
 The giant bat bites!
 You miss the giant bat.
 You miss the giant bat.
 The giant bat bites!
 You miss the giant bat.
 The giant bat bites!
 The giant bat bites!
 You don't have enough energy to cast that spell.
 You hit the giant bat.
 The giant bat bites!
 The giant bat bites!
 You die...
 Do you want your possessions identified? [ynq] (y) y
 Do you want to see your attributes? [ynq] (y) y
 Do you want an account of creatures vanquished? [ynaq] (y) y
 Do you want to see your conduct and achievements? [ynq] (y) y
 Do you want to see the dungeon overview? [ynq] (y) y

Inventory:
 Coins    ('$')
  $ - 53 gold pieces
 Weapons  (')')
  u - 12 +0 arrows
  a - a blessed +1 quarterstaff (weapon in hands)
 Armor    ('[')
  b - an uncursed +1 cloak of magic resistance (being worn)
  B - an uncursed +0 cloak of magic resistance
 Scrolls  ('?')
  k - a blessed scroll of identify
  j - an uncursed scroll of identify
 Spellbooks  ('+')
  l - a blessed spellbook of force bolt
  m - a blessed spellbook of jumping
  A - an uncursed spellbook of levitation
 Potions  ('!')
  h - an uncursed potion of booze
  g - an uncursed potion of extra healing
  f - an uncursed potion of levitation
 Rings    ('=')
  e - an uncursed ring of polymorph control (on right hand)
  d - an uncursed ring of shock resistance (on left hand)
 Wands    ('/')
  c - a wand of make invisible (1:5)
  z - a wand of undead turning (0:7)
 Tools    ('(')
  o - an uncursed bugle
  v - a can of grease (0:13)
  s - a cursed leash (attached to your kitten)
  n - a magic marker (0:22)
 Gems/Stones  ('*')
  r - 2 uncursed worthless pieces of black glass
  q - 2 uncursed worthless pieces of violet glass

BATTLEMODE the Wizard's attributes:

Background:
 You were a Conjurer, a level 3 female elven Wizard.
 You were chaotic, on a mission for Anhur
 who was opposed by Ptah (lawful) and Thoth (neutral).
 You were right-handed.
 You were in the Dungeons of Doom, on level 5.
 You entered the dungeon 1418 turns ago.
 You had 62 experience points, 18 more were needed to attain level 4.

Basics:
 You had 0 out of 22 hit points.
 You had 3 out of 31 energy points (spell power).
 Your armor class was 8.
 Your wallet contained 53 zorkmids.
 Autopickup was off.

Final Characteristics:
 Your strength was 10 (limit:18).
 Your dexterity was 12 (limit:18).
 Your constitution was 13 (limit:16).
 Your intelligence was 20 (limit:20).
 Your wisdom was 10 (limit:20).
 Your charisma was 10 (limit:18).

Final Status:
 You weren't hungry.
 You were unencumbered.
 You were wielding a quarterstaff.
 You had basic skill with quarterstaff.

Final Attributes:
 You were devoutly aligned.
 You were magic-protected.
 You were shock resistant.
 Your items were protected from electric shocks.
 You had infravision.
 You were warded.
 You had polymorph control.
 You are dead.

Miscellaneous:
 You didn't encounter any bones levels.
 Total elapsed playing time was 23 minutes and 30 seconds.

Major events:
 Turn
    1: BATTLEMODE the chaotic female elven Wizard entered the dungeon
 1199: attained the rank of Conjurer (level 3)
 1418: killed by a giant bat

Spells:
 Name                 Level Category     Fail Retention
 force bolt             1   attack         0%  91%-100%
 jumping                1   escape         0%  76%-100%
 levitation             4   escape        90%  76%-100%

Skills:
 Fighting Skills
   bare handed combat [Unskilled]
   riding             [Unskilled]
 Weapon Skills
   dagger             [Unskilled]
   knife              [Unskilled]
   axe                [Unskilled]
   short sword        [Unskilled]
   club               [Unskilled]
   mace               [Unskilled]
   quarterstaff       [Basic]
   polearms           [Unskilled]
   spear              [Unskilled]
   trident            [Unskilled]
   sling              [Unskilled]
   dart               [Unskilled]
   shuriken           [Unskilled]
 Spellcasting Skills
   attack spells      [Basic]
   healing spells     [Unskilled]
   divination spells  [Unskilled]
   enchantment spells [Basic]
   clerical spells    [Unskilled]
   escape spells      [Unskilled]
   matter spells      [Unskilled]

Voluntary challenges:
 Character rerolling was not enabled.
 You never genocided any monsters.
 You never polymorphed an object.
 You never changed form.
 You used no wishes.
Achievement:
 You attained the rank of Conjurer.

 The Dungeons of Doom: levels 1 to 5
    Level 1:
       Some fountains, a grave.
    Level 2:
       A sink.
    Level 3:
       A general store.
    Level 4:
       A fountain.
    Level 5: <- You were here.
       Many fountains.
       Final resting place for
          you, killed by a giant bat.


Vanquished creatures:
  a floating eye
  a giant bat
  2 orc zombies
  a gas spore
  a giant rat
  a gnome zombie
  a gecko
  3 jackals
  a kobold
  a goblin
  6 grid bugs
  4 lichens
  2 newts
25 creatures vanquished.

No species were genocided or became extinct.

Game over:
                       ----------
                      /          \
                     /    REST    \
                    /      IN      \
                   /     PEACE      \
                  /                  \
                  |    BATTLEMODE    |
                  |      53 Au       |
                  |   killed by a    |
                  |    giant bat     |
                  |                  |
                  |                  |
                  |       2026       |
                 *|     *  *  *      | *
        _________)/\\_//(\/(/\)/\//\/|_)_______

Goodbye BATTLEMODE the Wizard...

You died in The Dungeons of Doom on dungeon level 5 with 516 points,
and 53 pieces of gold, after 1418 moves.
You were level 3 with a maximum of 22 hit points when you died.

